 Dungeon Crawl Stone Soup version 0.24-a0-521-g122614bf49 (webtiles) character file.

Game seed: 14175746162944601960

14228 vurker the Grappler (level 11, -9/111 HPs)
             Began as a Troll Hunter on July 28, 2019.
             Mangled by a six-headed hydra (18 damage)
             ... on level 11 of the Dungeon.
             The game lasted 00:20:59 (11615 turns).

vurker the Grappler (Troll Hunter)                 Turns: 11615, Time: 00:21:00

Health: -9/111     AC: 12    Str: 25    XL:     11   Next: 86%
Magic:  13/13      EV: 10    Int:  7    God:
Gold:   915        SH:  0    Dex: 10    Spells: 10/10 levels left

rFire    + . .     SeeInvis .     - Unarmed
rCold    + . .     Gourm    +   (no shield)
rNeg     . . .     Faith    .   C - +2 robe {rC+ rF+}
rPois    +         Spirit   .   w - +1 hat
rElec    .         Reflect  .   (no cloak)
rCorr    .         Harm     .   (gloves unavailable)
MR       .....                  (boots unavailable)
Stlth    +.........             (no amulet)
HPRegen  0.68/turn              I - ring of poison resistance
MPRegen  0.13/turn              v - +3 ring of protection

@: no status effects
A: large, unfitting armour, claws 3, fast metabolism 3, gourmand, regeneration
1, shaggy fur 1, tough skin 3
a: no special abilities


You were on level 11 of the Dungeon.
You were completely stuffed.

You visited 2 branches of the dungeon, and saw 12 of its levels.
You also visited: Sewer and Ossuary.

You collected 915 gold pieces.

Inventory:

Hand Weapons
 x - the +8 hunting sling of Saltpetre {freeze, rPois rF- Str-2 Stlth+}
   (You took it off an orc warrior on level 10 of the Dungeon)

   It causes projectiles fired from it to freeze those they strike, causing
   extra injury to most foes and up to half again as much damage against
   particularly susceptible opponents.
   They can also slow down cold-blooded creatures.
   It affects your strength (-2).
   It makes you vulnerable to fire.
   It protects you from poison.
   It makes you more stealthy.
Missiles
 b - 2 throwing nets
 c - 6 large rocks (quivered)
Armour
 w - a +1 hat (worn)
   (You found it on level 4 of the Dungeon)
 C - a +2 robe of resistance (worn)
   (You took it off Pikel on level 4 of the Dungeon)
 F - a +0 troll leather armour
   (You found it on level 10 of the Dungeon)
Jewellery
 a - an uncursed ring of protection from fire
   (You found it on level 9 of the Dungeon)
 k - an uncursed ring of flight
   (You found it on level 10 of the Dungeon)
 m - an uncursed ring of resist corrosion
   (You found it on level 2 of the Dungeon)
 v - a +3 ring of protection (right claw)
   (You found it on level 5 of the Dungeon)
 I - a ring of poison resistance (left claw)
   (You found it on level 11 of the Dungeon)
Wands
 d - a wand of iceblast (6)
   (You found it on level 7 of the Dungeon)
 E - a wand of polymorph (4)
   (You found it on level 10 of the Dungeon)
Scrolls
 i - a scroll of enchant armour
 j - 6 scrolls of remove curse
 l - a scroll of fog
 n - 3 scrolls of blinking
 r - a scroll of fear
 s - a scroll of teleportation
 B - a scroll of brand weapon
 D - a scroll of enchant weapon
Potions
 f - a potion of cancellation
 g - a potion of agility
 h - a potion of berserk rage
 o - 2 potions of lignification
 p - 2 potions of flight
 q - 3 potions of heal wounds
 t - 2 potions of resistance
 u - a potion of curing
 z - a potion of mutation
 A - a potion of haste
 H - a potion of invisibility
Comestibles
 e - 27 rations
 G - 7 chunks of flesh


   Skills:
 + Level 7.8 Fighting
 + Level 9.2 Throwing
 - Level 1.5 Dodging
 - Level 0.3 Stealth
 * Level 12.6 Unarmed Combat
 + Level 4.9 Evocations


You had 10 spell levels left.
You didn't know any spells.
Your spell library was empty.

Dungeon Overview and Level Annotations

Branches:
Dungeon (11/15)            Temple (1/1) D:5            Lair (0/6) D:11
    Orc (0/2) D:11

Altars:
Ashenzari
Cheibriados
Dithmenos
Elyvilon
Fedhas
Gozag
Hepliaklqana
Kikubaaqudgha
Makhleb
Nemelex Xobeh
Okawaru
Qazlal
Ru
Sif Muna
Trog
Uskayaw
Vehumet
Wu Jian
Xom
Yredelemnul
Zin
The Shining One

Shops:
D:4 (   D:11 ([


Innate Abilities, Weirdness & Mutations

You are too large for most types of armour.
You have claws for hands.
Your metabolism is lightning-fast.
You like to eat raw meat.
Your natural rate of healing is unusually fast.
You are covered in fur. (AC +1)
You have extremely tough skin. (AC +3)


Message History

The six-headed hydra bites you.
Throwing (i - inventory. (/) - cycle)
c - 8 large rocks (quivered)
Aim: a six-headed hydra (lightly wounded)
You throw a large rock.
The large rock barely misses the six-headed hydra.
The six-headed hydra bites you.
The six-headed hydra bites you but does no damage.
The six-headed hydra bites you. x2
The six-headed hydra closely misses you.
The six-headed hydra bites you.
Throwing (i - inventory. (/) - cycle)
c - 7 large rocks (quivered)
Aim: a six-headed hydra (lightly wounded)
You throw a large rock.
The large rock hits the six-headed hydra!!
The six-headed hydra bites you but does no damage.
The six-headed hydra bites you.
The six-headed hydra closely misses you.
The six-headed hydra bites you!
* * * LOW HITPOINT WARNING * * *
The six-headed hydra bites you.
* * * LOW HITPOINT WARNING * * *
The six-headed hydra bites you!
* * * LOW HITPOINT WARNING * * *
The six-headed hydra bites you.
* * * LOW HITPOINT WARNING * * *
The six-headed hydra bites you.
* * * LOW HITPOINT WARNING * * *
The six-headed hydra barely misses you.
The six-headed hydra bites you but does no damage. x2
The six-headed hydra bites you.
* * * LOW HITPOINT WARNING * * *
Aim: a six-headed hydra (heavily wounded)
Okay, then.
The mass of ice explodes!
The iceblast engulfs the six-headed hydra!!
The six-headed hydra bites you but does no damage. x2
The six-headed hydra bites you.
* * * LOW HITPOINT WARNING * * *
The six-headed hydra bites you but does no damage.
The six-headed hydra completely misses you.
The six-headed hydra bites you but does no damage.
The mass of ice explodes!
The iceblast engulfs the six-headed hydra.
The six-headed hydra barely misses you. The six-headed hydra bites you!
* * * LOW HITPOINT WARNING * * *
The six-headed hydra bites you!
* * * LOW HITPOINT WARNING * * *
The six-headed hydra bites you but does no damage.
The six-headed hydra bites you!!
You die...

#.............
#######'#'#######..
#<....#.#.....# #.
#####.#.#####.# .
#....(#(#####.# .
#.#####(##....#
#........#.####
#.D#######.#
#.@....###.#
#..........#
#.........## #
#.........#
###.......#
....##...#
###...+...#
#.###...# #. #...#


You could see a six-headed hydra.

Vanquished Creatures
  3 two-headed ogres
  Pikel (D:4)
  2 ugly things
  A cyclops (D:11)
  An ice statue (D:10)
  2 trolls (D:10)
  2 meliai (D:10)
  6 hippogriffs
  Eustachio (D:3)
  A wraith (D:10)
  5 yaks (D:9)
  A human (D:7)
  4 hogs (D:7)
  3 hungry ghosts
  Menkaure (D:4)
  2 porcupines (D:11)
  A sky beast (D:11)
  Duvessa (D:6)
  2 ice beasts
  8 orc warriors
  4 black bears
  6 ogres
  A phantom (D:8)
  4 slaves
  A hornet zombie (D:11)
  2 necrophages
  5 centaurs
  3 crocodiles
  A big kobold (Sewer)
  Blork the orc (D:6)
  7 bullfrogs
  A water moccasin zombie (D:10)
  Dowan (D:6)
  2 scorpions
  5 killer bees
  5 wights (D:9)
  4 howler monkeys (D:8)
  4 crimson imps
  A quasit (D:9)
  A bullfrog zombie (D:7)
  6 hounds
  2 jellies
  4 orc priests
  19 orc wizards
  A gnoll shaman (D:7)
  8 worker ants
  2 iguanas
  4 big kobold zombies (Ossuary)
  A hound zombie (D:8)
  A hound skeleton (D:10)
  2 mummies (Ossuary)
  A worker ant zombie (D:11)
  16 gnolls
  6 adders
  A shadow imp (D:7)
  An ooze (D:2)
  An adder zombie (D:8)
  3 worms
  An adder skeleton (D:4)
  7 leopard geckos
  51 orcs
  7 giant cockroaches
  2 gnoll zombies (Ossuary)
  4 goblins
  8 hobgoblins
  13 jackals
  7 kobolds
  5 quokkas
  3 bats
  4 frilled lizards
  A goblin zombie (Ossuary)
  4 hobgoblin zombies (Ossuary)
  A leopard gecko skeleton (D:8)
  3 orc zombies (Ossuary)
  9 rats
316 creatures vanquished.

Vanquished Creatures (others)
  28 fungi (D:11)
  9 plants (D:11)
37 creatures vanquished.

Grand Total: 353 creatures vanquished

Notes
Turn   | Place    | Note
-------+----------+-------------------------------------------
     0 | D:1      | vurker the Troll Hunter began the quest for the Orb.
     0 | D:1      | Reached XP level 1. HP: 19/19 MP: 0/0
     8 | D:1      | You fall into a shaft and drop 1 floor!
   210 | D:1      | Reached skill level 1 in Unarmed Combat
   321 | D:1      | Reached XP level 2. HP: 28/28 MP: 1/1
   790 | D:2      | Reached XP level 3. HP: 35/35 MP: 2/2
   888 | D:2      | Reached skill level 2 in Unarmed Combat
  1489 | D:3      | Found a stormy altar of Qazlal.
  1753 | D:3      | Found a glowing golden altar of the Shining One.
  1753 | D:3      | Found a shattered altar of Ashenzari.
  1908 | D:3      | Reached XP level 4. HP: 42/42 MP: 3/3
  2186 | D:4      | Found Jiomarchi's Antique Weapon Shop.
  2259 | D:4      | Reached skill level 3 in Unarmed Combat
  2416 | D:4      | Reached XP level 5. HP: 48/50 MP: 4/4
  2609 | D:4      | Noticed Menkaure
  2611 | D:4      | Killed Menkaure
  2611 | D:4      | Reached skill level 4 in Unarmed Combat
  2611 | D:4      | Reached XP level 6. HP: 31/59 MP: 5/5
  2754 | D:4      | Noticed a slave
  2755 | D:4      | Noticed Eustachio
  2787 | D:3      | Killed a slave
  2828 | D:3      | Killed Eustachio
  2871 | D:4      | Noticed Pikel
  2871 | D:4      | Noticed a slave
  2903 | D:4      | Killed a slave
  2959 | D:4      | Noticed a slave
  2960 | D:4      | Noticed a slave
  3006 | D:3      | Killed a slave
  3009 | D:3      | Killed a slave
  3076 | D:4      | Killed Pikel
  3076 | D:4      | Reached skill level 5 in Throwing
  3076 | D:4      | Reached skill level 6 in Unarmed Combat
  3076 | D:4      | Reached XP level 7. HP: 49/68 MP: 6/6
  3308 | D:4      | Found an ornate altar of the Wu Jian Council.
  3586 | D:5      | Entered Level 5 of the Dungeon
  3601 | D:5      | Reached XP level 8. HP: 73/78 MP: 7/7
  3641 | D:5      | Found a glowing drain.
  3685 | Sewer    | Entered a sewer
  3770 | Sewer    | Reached skill level 7 in Unarmed Combat
  3810 | Sewer    | Found a white marble altar of Elyvilon.
  4448 | D:5      | Found a staircase to the Ecumenical Temple.
  4865 | Temple   | Entered the Ecumenical Temple
  5214 | D:6      | Found a sand-covered staircase.
  5243 | Ossuary  | Entered an ossuary
  5430 | D:6      | Found a sparkling altar of Nemelex Xobeh.
  5431 | D:6      | Reached skill level 8 in Unarmed Combat
  5482 | D:6      | Found an opulent altar of Gozag.
  5529 | D:6      | Reached skill level 5 in Fighting
  5537 | D:6      | Reached XP level 9. HP: 69/88 MP: 8/8
  5693 | D:6      | Found a basalt altar of Yredelemnul.
  5712 | D:6      | Found a hide-covered altar of Uskayaw.
  5869 | D:6      | Noticed Duvessa
  5870 | D:6      | Noticed Dowan
  5872 | D:6      | Killed Duvessa
  5879 | D:6      | Killed Dowan
  6037 | D:6      | Noticed Blork the orc
  6040 | D:6      | Killed Blork the orc
  6150 | D:7      | Reached skill level 9 in Unarmed Combat
  6355 | D:7      | Reached skill level 1 in Evocations
  6762 | D:7      | Got an ichor-stained rapier
  6763 | D:7      | Identified the +7 rapier of Brawling {pain, rC- Str+8
                  | Int+3} (You found it on level 7 of the Dungeon)
  6974 | D:7      | Reached skill level 10 in Unarmed Combat
  6974 | D:7      | Reached XP level 10. HP: 44/98 MP: 10/10
  8096 | D:9      | Found a snail-covered altar of Cheibriados.
  8256 | D:9      | Found an opulent altar of Gozag.
  8317 | D:9      | Noticed a two-headed ogre
  8323 | D:9      | Killed a two-headed ogre
  8406 | D:9      | Reached skill level 11 in Unarmed Combat
  9013 | D:10     | Entered Level 10 of the Dungeon
  9103 | D:10     | Found the +3 salamander hide armour {+Rage rF++}
  9186 | D:10     | Noticed an ice statue
  9284 | D:10     | Found a sacrificial altar of Ru.
  9358 | D:10     | Noticed a two-headed ogre
  9363 | D:10     | Killed a two-headed ogre
  9363 | D:10     | Reached XP level 11. HP: 77/109 MP: 12/12
  9732 | D:10     | Noticed a cyan ugly thing
  9747 | D:10     | Killed a cyan ugly thing
  9755 | D:10     | Identified the cursed +1 scale mail "Wyppeom" {*Corrode rF+
                  | rC+}
  9995 | D:10     | Noticed a two-headed ogre
 10001 | D:10     | Killed a two-headed ogre
 10001 | D:10     | Reached skill level 12 in Unarmed Combat
 10247 | D:10     | Identified the +8 hunting sling of Saltpetre {freeze, rPois
                  | rF- Str-2 Stlth+}
 10813 | D:11     | Found Ukock's Armour Shop.
 10813 | D:11     | Found a staircase to the Orcish Mines.
 10813 | D:11     | Found Ynwa's Weapon Shop.
 11321 | D:11     | Noticed a brown ugly thing
 11325 | D:11     | Found a staircase to the Lair.
 11331 | D:11     | Killed a brown ugly thing
 11605 | D:11     | Noticed a six-headed hydra
 11615 | D:11     | Mangled by a six-headed hydra

Levels and vault maps discovered:
D:1:      shiori_arrival_elements, layout_loops_ring
D:2:      layout_loops_ring, first_ration
D:3:      layout_loops_ring, grunt_qazlal_clouds, gammafunk_temple_overflow_wave
D:4:      layout_cave_pods, nicolae_overflow_hidden_temple, serial_shops,
          nicolae_shop_statue_plus, uniq_menkaure, uniq_eustachio, uniq_pikel
D:5:      layout_basic, minmay_temple_entry_glassed_door, gup_sewer_entry_glass
D:6:      layout_basic, lemuel_doored_altar, kennysheep_mini, basic_altar,
          nicolae_ossuary_entry_ruins, grunt_gozag_statues, uniq_blork_the_orc,
          uniq_duvessa
D:7:      layout_basic, grunt_livestock
D:8:      layout_basic
D:9:      layout_roguey, old_standard_altar, overflow_temple_1_default
D:10:     minmay_the_grid_octo_tiled_octocenter
          [minmay_the_grid_octo_fan_narrow,
          minmay_the_grid_octo_tetromino_candy, minmay_the_grid_octo_horde,
          minmay_the_grid_octo_vomiting_pacman, minmay_the_grid_octo_prize_star,
          minmay_the_grid_square_5x5_meh, minmay_the_grid_square_5x5_n,
          minmay_the_grid_square_5x5_eight, minmay_the_grid_square_5x5_longway],
          layout_cross, minmay_misc_feat_secret_circle, minivault_16,
          nicolae_ru_sacrificial_ziggurat
D:11:     layout_basic, due_lair_maze_entry_diamond, orc_david_3
Temple:   eino_temple_water

Skill      XL: |  1  2  3  4  5  6  7  8  9 10 11 |
---------------+----------------------------------+-----
Unarmed Combat | 1 2 3 4 6 8 10 11 12 | 12.6
Fighting       | 2 3 4 5 6 7 |  7.8
Throwing       | 4 5 6 7 8 9 |  9.2
Evocations     | 2 3 4 |  4.9
Dodging        | |  1.5
Stealth        | |  0.3

Action                   |  1- 3 |  4- 6 |  7- 9 | 10-12 || total
-------------------------+-------+-------+-------+-------++-------
Melee: Unarmed           |   100 |   100 |   350 |   374 ||   924
       Punch             |       |     1 |    11 |    18 ||    30
Throw: Large rock        |     1 |    18 |    17 |    17 ||    53
       Throwing net      |       |     1 |       |     4 ||     5
Evoke: Wand              |       |       |       |     6 ||     6
  Use: Scroll            |       |       |    17 |    10 ||    27
       Potion            |       |       |       |     5 ||     5
 Stab: Sleeping          |     1 |       |       |     1 ||     2
       Distracted        |       |       |       |     2 ||     2
       Held in net/web   |       |       |       |     2 ||     2
  Eat: Chunk             |    22 |    11 |    38 |    57 ||   128
       Ration            |       |       |       |     1 ||     1
Armor: Robe              |    25 |    37 |   161 |   196 ||   419
Dodge: Dodged            |    45 |    63 |   175 |   182 ||   465

Table legend:
 A = Non-vault XP
 B = Vault XP
 C = Vault XP percentage of total XP
 D = Non-vault monster count
 E = Vault monster count
 F = Vault count percentage of total count
                 A         B        C        D         E       F
            +---------+---------+-------+---------+---------+-------
      Total |   11167 |    9160 |  45.1 |     224 |      88 |  28.2
            +---------+---------+-------+---------+---------+-------
        D:1 |      15 |       0 |   0.0 |      10 |       0 |   0.0
        D:2 |      61 |       0 |   0.0 |      20 |       0 |   0.0
        D:3 |      40 |     211 |  84.1 |      14 |       1 |   6.7
        D:4 |     266 |     801 |  75.1 |      25 |       2 |   7.4
        D:5 |     622 |      21 |   3.3 |      24 |       5 |  17.2
        D:6 |     906 |     300 |  24.9 |      23 |       3 |  11.5
        D:7 |    1359 |     947 |  41.1 |      32 |       5 |  13.5
        D:8 |    1071 |       0 |   0.0 |      25 |       0 |   0.0
        D:9 |    3405 |       0 |   0.0 |      27 |       0 |   0.0
       D:10 |    1939 |    5187 |  72.8 |      12 |      31 |  72.1
       D:11 |    1483 |    1433 |  49.1 |      12 |      13 |  52.0
      Sewer |       0 |     114 | 100.0 |       0 |      12 | 100.0
    Ossuary |       0 |     146 | 100.0 |       0 |      16 | 100.0
            +---------+---------+-------+---------+---------+-------
